 Dungeon Crawl Stone Soup version 0.22-a0-799-g88f5e90 (webtiles) character file.

40 iamserjio the Firebug (level 3, -2/19 HPs)
             Began as a Tengu Fire Elementalist on July 21, 2018.
             Was a Follower of Jiyva.
             Slain by a kobold
             ... wielding a +0 short sword
              (6 damage)
             ... on level 2 of the Dungeon.
             The game lasted 00:04:12 (517 turns).

iamserjio the Firebug (Tengu Fire Elementalist)      Turns: 517, Time: 00:04:12

Health: -2/19      AC:  2    Str:  9    XL:     3   Next: 50%
Magic:  0/7        EV: 12    Int: 16    God:    Jiyva [*.....]
Gold:   51         SH:  0    Dex: 13    Spells: 3/7 levels left

rFire    . . .     SeeInvis .   o - +2 flail (holy)
rCold    . . .     Gourm    .   (no shield)
rNeg     . . .     Faith    .   a - +0 robe
rPois    .         Spirit   .   (helmet restricted)
rElec    .         Reflect  .   (no cloak)
rCorr    .         Harm     .   (no gloves)
MR       .....                  (boots unavailable)
Stlth    ++........             (no amulet)
HPRegen  0.06/turn              (no ring)
MPRegen  0.10/turn              (no ring)

@: no status effects
A: beak, talons 3
a: Request Jelly, Renounce Religion


You were on level 2 of the Dungeon.
You worshipped Jiyva.
Jiyva was aware of your devotion.
You were not hungry.

You visited 1 branch of the dungeon, and saw 3 of its levels.

You collected 51 gold pieces.

Inventory:

Hand Weapons
 f - a +0 short sword
 o - a +2 flail of holy wrath (weapon)
Armour
 a - a +0 robe (worn)
Wands
 m - a wand of digging (17)
Scrolls
 b - a scroll of identify {unknown}
 d - 2 scrolls of enchant armour {unknown}
 h - 2 scrolls of magic mapping {unknown}
 i - a scroll of remove curse {unknown}
 j - a scroll of immolation {unknown}
Potions
 e - a potion of resistance {unknown}
 g - a potion of curing {unknown}
 l - a potion of might {unknown}
 n - a potion of lignification {unknown}
 p - a potion of agility {unknown}
Comestibles
 c - 3 rations
 k - 3 chunks of flesh


   Skills:
 - Level 2.1 Dodging
 - Level 2.0 Stealth
 + Level 2.5 Spellcasting
 + Level 2.7 Conjurations
 + Level 3.9 Fire Magic


You had 3 spell levels left.
You knew the following spells:

 Your Spells              Type           Power        Failure   Level  Hunger
a - Flame Tongue          Conj/Fire      ##...        4%          1    #......
b - Conjure Flame         Conj/Fire      ##......     16%         3    ###....

Your spell library contained the following spells:

 Spells                   Type           Power        Failure   Level  Hunger
 Fireball                 Conj/Fire      ##........   80%         5    ######.
 Throw Flame              Conj/Fire      ##....       8%          2    ##.....
 Sticky Flame             Conj/Fire      ##......     45%         4    #####..
 Inner Flame              Hex/Fire       #.......     26%         3    ###....


Dungeon Overview and Level Annotations

Branches:
Dungeon (3/15)

Altars:
Jiyva

Annotations:
D:3 Natasha


Innate Abilities, Weirdness & Mutations

You have a beak for a mouth.
You have claws for feet.


Message History

Aim: a kobold, wielding a short sword The flame tongue misses the kobold.
The kobold throws a stone.
The stone hits you.
* * * LOW HITPOINT WARNING * * *
You hear a distant slurping noise.
Jiyva appreciates your sacrifice.
Casting: Flame Tongue (safe; 4% risk of failure)
Confirm with . or Enter, or press ? or * to list all spells.
Aiming: Flame Tongue (safe; 4% risk of failure)
Press: ? - help, Shift-Dir - straight line, f/p - kobold
Aim: a kobold, wielding a short sword The flame tongue hits the kobold.
The kobold appears unharmed.
You miss the kobold. Your kick misses the kobold.
You hear a distant slurping noise.
The kobold closely misses you. The kobold misses you.
You hit the kobold. Your kick misses the kobold.
The kobold is severely wounded.
You hear a distant slurping noise.
The kobold hits you with a short sword.
You die...

≈≈≈≈≈≈≈≈≈≈.#######
#.# ≈≈≈≈≈≈≈≈≈..#
#.# ≈≈≈≈≈≈≈≈≈≈.#
#.# .....≈≈.≈≈.#
#.# .≈....≈≈..≈#
#.# ############
#.# #.#
###########.#
......K@((.(#
#############


You could see a kobold.

Vanquished Creatures
  An adder (D:2)
  A dart slug (D:3)
  A leopard gecko (D:3)
  2 orcs (D:3)
  A giant cockroach (D:3)
  5 goblins
  2 hobgoblins
  3 jackals (D:3)
  A kobold (D:1)
  3 quokkas
  2 bats
  A rat (D:3)
23 creatures vanquished.

Vanquished Creatures (others)
  A bat (D:3)
  A giant cockroach (D:3)
2 creatures vanquished.

Grand Total: 25 creatures vanquished

Notes
Turn   | Place    | Note
-------+----------+-------------------------------------------
     0 | D:1      | iamserjio the Tengu Fire Elementalist began the quest for the Orb.
     0 | D:1      | Reached XP level 1. HP: 10/10 MP: 4/4
    87 | D:2      | Found a faded altar of an unknown god.
    88 | D:2      | Reached XP level 2. HP: 8/15 MP: 3/6
   147 | D:2      | Became a worshipper of Jiyva Jolueru the Shapeless
   147 | D:2      | Reached * piety under Jiyva
   359 | D:3      | Reached XP level 3. HP: 10/19 MP: 4/7
   369 | D:3      | Noticed Natasha
   447 | D:3      | Learned a level 3 spell: Conjure Flame
   517 | D:2      | Slain by a kobold

Vault maps used:
D:1:      dpeg_arrival_round_b, hangedman_abyss_or_decor_stabs, hex_intersection
D:2:      lemuel_coloured_pillars_altar, chequers_ecumenical_altar_island
D:3:      uniq_natasha

Skill      XL: |  1  2 |
---------------+-------+-----
Conjurations   | 2 |  2.7
Dodging        | |  2.1
Stealth        | |  2.0
Spellcasting   | |  2.5
Fire Magic     | |  3.9

Action                   || total
-------------------------++-------
Melee: Unarmed           ||     5
       Peck              ||     2
       Kick              ||    10
       Short sword       ||    14
       Flail             ||    12
 Cast: Flame Tongue      ||    25
Armor: Robe              ||     3
Dodge: Dodged            ||    30

Table legend:
 A = Spawn XP
 B = Non-spawn XP
 C = Spawn XP percentage of total XP
 D = Spawn monster count
 E = Non-spawn monster count
 F = Spawn count percentage of total count
 G = Total turns spent on level
                    A         B        C        D         E        F      G
               +---------+---------+-------+---------+---------+-------+---------
         Total |       0 |      58 |   0.0 |       0 |      23 |   0.0 |   517
               +---------+---------+-------+---------+---------+-------+---------
           D:1 |       0 |       9 |   0.0 |       0 |       5 |   0.0 |   107
           D:2 |       0 |      22 |   0.0 |       0 |       6 |   0.0 |   167
           D:3 |       0 |      27 |   0.0 |       0 |      12 |   0.0 |   243
               +---------+---------+-------+---------+---------+-------+---------
